AoeStats
← centaurea

Nomad

508222794Analyzed
2v2 RM · 12d ago on Sep 21, 2026· 61m 8s· 4 players
Game mode
Random Map
Map size
176×176
Population
200
Speed
Normal
Resources
Standard
Victory
Conquest
Starting age
Dark Age
Ending age
Imperial Age
RankedLock teamsTeams togetherTeam positionsShared explorationLock speedFull tech treeHidden civsTurbo modeCheats
Victory
Defeat
🇨🇳 Magyars · China
662
+14
🇪🇸 Britons · Spain
605
+16
🇦🇷 Huns · Argentina
672
-18
🇦🇷 Poles · Argentina
542
-12
benjaminmarquinez7
11:10 Loom
19:40 Feudal Age
19:44 Man-at-Arms
25:38 Double-Bit Axe
29:09 Wheelbarrow
32:50 Horse Collar
37:43 Castle Age
37:48 Pikeman
40:01 Bow Saw
40:52 Stone Mining
40:53 Gold Mining
41:09 Fletching
47:51 Heavy Plow
53:35 Marauders
pagetmelina016
18:58 Feudal Age
20:25 Wheelbarrow
19:39 Double-Bit Axe
19:38 Horse Collar
21:13 Stone Mining
24:22 Gold Mining
26:40 Arson
27:27 Bloodlines
27:48 Forging
27:44 Scale Barding Armor
30:08 Castle Age
31:15 Hand Cart
31:14 Bow Saw
31:07 Heavy Plow
31:46 Stone Shaft Mining
33:18 Iron Casting
32:07 Light Cavalry
33:19 Squires
33:49 Husbandry
33:44 Fletching
33:56 Padded Archer Armor
33:57 Scale Mail Armor
33:33 Man-at-Arms
33:34 Pikeman
35:40 Chain Barding Armor
36:36 Bodkin Arrow
40:36 Leather Archer Armor
41:46 Szlachta Privileges
42:10 Chain Mail Armor
46:49 Imperial Age
48:00 Lechitic Legacy
48:02 Conscription
48:17 Hoardings
49:05 Blast Furnace
49:40 Elite Obuch
50:05 Long Swordsman
51:27 Crop Rotation
wilpau11
2:58 Loom
14:02 Feudal Age
20:42 Castle Age
19:35 Horse Collar
19:50 Gold Mining
19:51 Stone Mining
20:06 Fletching
20:17 Padded Archer Armor
20:49 Stone Mining
36:27 Yeomen
40:35 Imperial Age
40:13 Bodkin Arrow
41:32 Wheelbarrow
42:21 Conscription
45:31 Chemistry
44:53 Ballistics
46:30 Fortified Wall
48:14 Elite Longbowman
50:05 Leather Archer Armor
52:50 Bracer
53:21 Ring Archer Armor
58:45 Spies/Treason
60:08 Heavy Scorpion
centaurea
9:30 Loom
20:54 Feudal Age
25:16 Wheelbarrow
27:20 Castle Age
26:39 Stone Mining
30:20 Double-Bit Axe
31:29 Bow Saw
31:41 Horse Collar
32:25 Corvinian Army
35:17 Imperial Age
35:12 Bloodlines
36:15 Wheelbarrow
38:52 Heavy Plow
39:05 Scale Barding Armor
39:30 Husbandry
40:29 Hand Cart
41:30 Crop Rotation
41:10 Town Watch
41:49 Chain Barding Armor
47:52 Gold Mining
47:37 Elite Magyar Huszar
50:44 Plate Barding Armor
59:21 Spies/Treason
Connection lost

Rejoining the realm…

Still unreachable

The connection could not be restored.

Session expired

The server has moved on; the page needs a fresh start.